 Dungeon Crawl Stone Soup version 0.31.0-9-g3a7656b989 (webtiles) character file.

Game seed: 859905087600046458

130 qw the Shooter (level 4, 0/36 HPs)
             Began as a Demigod Hunter on Feb 2, 2024.
             Slain by a gnoll
             ... wielding a +0 spear
             ... led by a gnoll bouda
              (4 damage)
             ... on level 3 of the Dungeon.
             The game lasted 00:00:10 (1638 turns).

qw the Shooter (Demigod Hunter)                     Turns: 1638, Time: 00:00:11

Health: 0/36       AC:  4    Str: 12    XL:     4   Next: 60%
Magic:  6/6        EV: 12    Int: 11    God:
Gold:   34         SH:  0    Dex: 21    Spells: 3/3 levels left

rFire   . . .        a - +0 shortbow
rCold   . . .        (shield currently unavailable)
rNeg    . . .        c - +0 leather armour
rPois   .            d - +0 helmet
rElec   .            (no cloak)
rCorr   .            (no gloves)
SInv    +            (no boots)
Will    .....        (no amulet)
Stlth   ++           j - ring of see invisible
HPRegen 0.26/turn    (no ring)
MPRegen 0.10/turn

%: no passive effects
@: weakened
A: high MP 1, forlorn, divine attributes
a: no special abilities


You were on level 3 of the Dungeon.
You visited 1 branch of the dungeon, and saw 3 of its levels.

You collected 34 gold pieces.


Innate Abilities, Weirdness & Mutations

You have an increased reservoir of magic. (+10% MP)
You shall have no god before yourself.
Your divine heritage dramatically boosts your attributes as you level up.


   Skills:
 - Level 2.0 Fighting
 + Level 5.5 Ranged Weapons
 - Level 2.0 Dodging
 - Level 0.8 Stealth


You had 3 spell levels left.
You didn't know any spells.
Your spell library was empty.

Inventory:

Hand Weapons
 a - a +0 shortbow (weapon)
Armour
 c - a +0 leather armour (worn)
 d - a +0 helmet (worn)
 e - a +2 hat
Jewellery
 j - a ring of see invisible (left hand)
Potions
 b - a potion of cancellation {unknown}
 f - a potion of curing
 h - a potion of mutation {unknown}
 i - a potion of resistance

Dungeon Overview and Level Annotations

Branches:
Dungeon (3/15)


Message History

Enter note:
1630 ||| RETREEEEATING.
The gnoll closely misses you.
The gnoll bouda gazes fiercely through you!
You feel as though you will be weak longer.
Enter note:
Enter note:
1631 ||| RETREEEEATING.
The gnoll attacks as it pursues you! The gnoll barely misses you.
You shoot an arrow. The arrow hits the gnoll!
The gnoll is almost dead.
The gnoll hits you with a +0 club. The gnoll completely misses you.
The gnoll hits you with a +0 club.
1633 ||| RETREEEEATING.
The gnoll is no longer moving quickly. x2
The gnoll bouda barks out a call to the hunt!
The gnoll picks up the pace!
You shoot an arrow. The arrow hits the gnoll.
You kill the gnoll!
The gnoll bouda gazes fiercely through you!
You feel as though you will be weak longer.
You shoot an arrow. The arrow hits the gnoll.
The gnoll is moderately wounded.
The gnoll is no longer moving quickly. x2; The gnoll hits you with a +0 whip.
The gnoll closely misses you.
You shoot an arrow.
The arrow hits the gnoll but does no damage.
The gnoll is moderately wounded.
The gnoll hits you with a +0 whip. The gnoll barely misses you.
You shoot an arrow. The arrow hits the gnoll.
The gnoll is heavily wounded.
The gnoll closely misses you. The gnoll hits you but does no damage.
The gnoll hits you with a +0 whip.
You shoot an arrow. The arrow hits the gnoll!
You kill the gnoll!
The gnoll hits you from afar with a +0 spear.
The gnoll bouda barks out a call to the hunt!
The gnoll picks up the pace!
The gnoll hits you from afar with a +0 spear.
You die...

......##......###+#.##.##.#
##....##.[..........##.##.#
......######........##%##.#
......# #........##.##.#
......######..............#
...................###.####
...................# #.#
..............########.#
.........)...gg)@......#
.............g###.[.....
.............##...~~~...
................~~~~~~~.
.....######....~~~~~~~~~
#...~~~~~~~~~~
#...~~~~PPP~~~
#..~~~~.P77.~~
#####..~~~~>P


You could see a gnoll bouda and 2 gnolls.

Vanquished Creatures
  Jessica (D:3)
  2 gnolls (D:3)
  3 adders (D:2)
  3 dart slugs
  A ribbon worm (D:2)
  3 ball pythons
  4 endoplasms
  A giant cockroach (D:2)
  2 goblins
  7 hobgoblins
  8 jackals
  3 kobolds
  3 quokkas (D:1)
  13 bats
  3 rats
57 creatures vanquished.

Notes
Turn   | Place    | Note
-------+----------+-------------------------------------------
     0 | D:1      | qw the Demigod Hunter began the quest for the Orb.
     0 | D:1      | Reached XP level 1. HP: 17/17 MP: 3/3
     0 | D:1      | 0 ||| qw: Version: 0.3-a-155-g5e7d8dd
     0 | D:1      | 0 ||| qw: Game counter: 203
     0 | D:1      | 0 ||| qw: Melee chars always use a shield: true
     0 | D:1      | 0 ||| qw: God list: Okawaru
     0 | D:1      | 0 ||| qw: Allow faded altars: false
     0 | D:1      | 0 ||| qw: Do Orc after clearing Dungeon:15 true
     0 | D:1      | 0 ||| qw: Do second Lair branch before Depths: true
     0 | D:1      | 0 ||| qw: Lair rune preference: random
     0 | D:1      | 0 ||| qw: Goals: Normal
     0 | D:1      | 0 ||| PLANNING D:1-11
    61 | D:1      | Reached skill level 4 in Ranged Weapons
   140 | D:1      | Reached XP level 2. HP: 24/24 MP: 4/4
   826 | D:1      | 826 ||| UPGRADING to +0 helmet.
   831 | D:1      | 831 ||| READING scroll labelled IBEPOT MEEDAPS.
   832 | D:1      | 832 ||| READING 2 scrolls labelled RERPHU RATHRALL.
   832 | D:1      | 832 ||| IDENTIFYING pink potion
   833 | D:1      | 833 ||| READING scroll of identify.
   833 | D:1      | 833 ||| IDENTIFYING cyan potion
   834 | D:1      | 834 ||| READING scroll labelled UXTISU UFRANI.
   835 | D:1      | 835 ||| DRINKING 2 amethyst potions.
   836 | D:1      | 836 ||| DROPPING scroll of butterflies.
   837 | D:1      | 837 ||| DROPPING potion of attraction.
   890 | D:2      | Reached XP level 3. HP: 29/29 MP: 5/5
   915 | D:2      | Identified the +8 war axe "Giantslayer" {vamp, rElec Str+2
                  | Int-5}
  1133 | D:2      | Reached skill level 5 in Ranged Weapons
  1213 | D:2      | Reached XP level 4. HP: 36/36 MP: 6/6
  1340 | D:2      | 1340 ||| UPGRADING to ring of see invisible.
  1341 | D:2      | 1341 ||| READING scroll of identify.
  1341 | D:2      | 1341 ||| IDENTIFYING fuming yellow potion
  1342 | D:2      | 1342 ||| READING scroll labelled XIMERHEVAM.
  1443 | D:2      | 1443 ||| DROPPING potion of lignification.
  1492 | D:3      | Noticed Jessica
  1495 | D:3      | Killed Jessica
  1619 | D:3      | 1619 ||| RETREEEEATING.
  1620 | D:3      | 1620 ||| RETREEEEATING.
  1621 | D:3      | 1621 ||| RETREEEEATING.
  1622 | D:3      | 1622 ||| RETREEEEATING.
  1623 | D:3      | 1623 ||| RETREEEEATING.
  1624 | D:3      | 1624 ||| RETREEEEATING.
  1625 | D:3      | 1625 ||| RETREEEEATING.
  1626 | D:3      | 1626 ||| RETREEEEATING.
  1627 | D:3      | 1627 ||| RETREEEEATING.
  1628 | D:3      | 1628 ||| RETREEEEATING.
  1629 | D:3      | 1629 ||| RETREEEEATING.
  1630 | D:3      | 1630 ||| RETREEEEATING.
  1631 | D:3      | 1631 ||| RETREEEEATING.
  1633 | D:3      | 1633 ||| RETREEEEATING.
  1637 | D:3      | HP: 8/36 [gnoll/+0 whip[a gnoll bouda] (2)]
  1638 | D:3      | Slain by a gnoll

Levels and vault maps discovered:
D:1:      co_arrival_square_in_a_square_in_a_square, layout_basic,
          hellmonk_ecumenical_altar_arch_garden, hex_medium
D:2:      layout_rooms
D:3:      layout_basic, mainiacjoe_overflow_swirl, fedhas_ov_isle_minmay,
          minmay_misc_feat_columns, uniq_jessica

Skill      XL: |  1  2  3 |
---------------+----------+-----
Ranged Weapons | 4 5 |  5.5
Fighting       | 2 |  2.0
Dodging        | 2 |  2.0
Stealth        | |  0.8

Action                     |  1- 3 |  4- 6 || total
---------------------------+-------+-------++-------
   Fire: Shortbow          |   130 |    35 ||   165
    Use: Scroll            |     4 |     2 ||     6
         Potion            |     1 |       ||     1
 Armour: Leather armour    |    29 |    20 ||    49
  Dodge: Dodged            |    34 |    19 ||    53

Table legend:
 A = Non-vault XP
 B = Vault XP
 C = Vault XP percentage of total XP
 D = Non-vault monster count
 E = Vault monster count
 F = Vault count percentage of total count
                 A         B        C        D         E       F
            +---------+---------+-------+---------+---------+-------
      Total |     165 |      37 |  18.3 |      56 |       1 |   1.8
            +---------+---------+-------+---------+---------+-------
        D:1 |      44 |       0 |   0.0 |      24 |       0 |   0.0
        D:2 |      76 |       0 |   0.0 |      21 |       0 |   0.0
        D:3 |      45 |      37 |  45.1 |      11 |       1 |   8.3
            +---------+---------+-------+---------+---------+-------
